 Dungeon Crawl Stone Soup version 0.26-a0-642-g67e99244d3 (webtiles) character file.

Game seed: 10442405478928536031

712282 Gunterle the Slingshot (level 27, -4/192 (193) HPs)
             Began as a Halfling Abyssal Knight on Sept 20, 2020.
             Was a Priest of Lugonu.
             Slain by a yellow draconian monk (7 damage)
             ... on level 3 of the Realm of Zot on Sept 22, 2020.
             The game lasted 10:15:30 (122394 turns).

Gunterle the Slingshot (Halfling Abyssal Knight)  Turns: 122394, Time: 10:15:31

HP:   -4/192 (193)  AC: 11    Str: 17    XL:     27
MP:   25/38         EV: 35    Int: 20    God:    Lugonu [***...]
Gold: 7085          SH: 10    Dex: 30    Spells: 8/48 levels left

rFire    + + +     SeeInvis +   w - +12 short sword "Goblinslayer" {pain, *Corrode +Fly MR+}
rCold    . . .     Faith    .   F - +1 buckler "Xoceacuc" {*Contam rF++ Dex+7}
rNeg     + + +     Spirit   .   E - +4 ring mail "Wisucw" {rElec rN+++ Str-4 SInv}
rPois    +         Reflect  .   k - +0 mask of the Dragon {MR+ Slay+3 SInv}
rElec    +         Harm     .   N - +0 cloak of the True Pharaoh {*Contam rPois Int+4 Dex+5} (curse)
rCorr    .         Rampage  .   y - +2 pair of gloves {Str+3}
MR       ++++.                  U - +2 pair of boots
Stlth    +++++.....             Y - amulet of Bickadgh {rElec rF+ Regen+ Str+4 Stlth+}
HPRegen  0.82/turn              e - ring "Teunom" {rF+ rN+ Slay+2}
MPRegen  0.26/turn              Z - +4 ring of protection

@: lethally poisoned (-4 -> -4), death channel, corroded, berserk cooldown,
slowed, very slow
A: small, clumsy 1, mutation resistance 1
}: 3/15 runes: decaying, serpentine, silver
a: Depart the Abyss, Bend Space, Banish, Renounce Religion, Evoke Flight


You were on level 3 of the Realm of Zot.
You worshipped Lugonu.
Lugonu was most pleased with you.
You visited 12 branches of the dungeon, and saw 53 of its levels.
You visited the Abyss 7 times.
You also visited: Trove, Ossuary, Gauntlet and Ice Cave.

You collected 9437 gold pieces.
You spent 2352 gold pieces at shops.

Inventory:

Hand Weapons
 f - the +1 rapier "Nues" {drain, +Fly rN+ MP+9}
   (You found it on level 5 of the Vaults)

   A truly terrible weapon, it drains the life of those it strikes.
   It protects you from negative energy.
   It affects your magic capacity (+9).
   It lets you fly.
 w - the +12 short sword "Goblinslayer" (weapon) {pain, *Corrode +Fly MR+}
   (You found it on level 1 of the Lair of Beasts)

   In the hands of one skilled in necromantic magic, it inflicts extra damage on
   living creatures.
   It affects your resistance to hostile enchantments.
   It lets you fly.
   It may corrode you when you take damage.
 H - a +7 demon blade of distortion
 J - a +9 fustibalus of flaming
Missiles
 a - 63 sling bullets
 l - 8 silver boomerangs (quivered)
 r - 22 atropa-tipped darts
 z - 591 stones
 M - 12 boomerangs of dispersal
Armour
 k - the +0 mask of the Dragon (worn) {MR+ Slay+3 SInv}
   (You found it on level 3 of the Elven Halls)

   It affects your accuracy and damage with ranged weapons and melee attacks
   (+3).
   It affects your resistance to hostile enchantments.
   It lets you see invisible.
 y - a +2 pair of gloves of strength (worn)
 E - the +4 ring mail "Wisucw" (worn) {rElec rN+++ Str-4 SInv}
   (You took it off a deep elf master archer on level 3 of the Elven Halls)

   It affects your strength (-4).
   It insulates you from electricity.
   It renders you almost immune to negative energy.
   It lets you see invisible.
 F - the +1 buckler "Xoceacuc" (worn) {*Contam rF++ Dex+7}
   (You acquired it on level 2 of the Depths)

   It affects your dexterity (+7).
   It greatly protects you from fire.
   It causes magical contamination when unequipped.
 N - the cursed +0 cloak of the True Pharaoh (worn) {*Contam rPois Int+4 Dex+5}
   (You found it on level 1 of the Realm of Zot)

   It affects your intelligence (+4).
   It affects your dexterity (+5).
   It protects you from poison.
   It causes magical contamination when unequipped.
   It has a curse placed upon it.
 U - a +2 pair of boots (worn)
Jewellery
 e - the ring "Teunom" (left hand) {rF+ rN+ Slay+2}
   (You found it on level 2 of the Depths)

   [ring of protection from fire]

   It affects your accuracy and damage with ranged weapons and melee attacks
   (+2).
   It protects you from fire.
   It protects you from negative energy.
 Y - the amulet of Bickadgh (around neck) {rElec rF+ Regen+ Str+4 Stlth+}
   (You found it on level 2 of the Depths)

   [amulet of regeneration]

   It affects your strength (+4).
   It protects you from fire.
   It insulates you from electricity.
   It increases your rate of regeneration.
   It makes you more stealthy.
 Z - a +4 ring of protection (right hand)
Wands
 i - a wand of iceblast (16)
 u - a wand of digging (32)
 L - a wand of acid (35)
Scrolls
 d - 42 scrolls of identify
 g - 4 scrolls of summoning
 q - 8 scrolls of vulnerability
 t - 7 scrolls of magic mapping
 A - 23 scrolls of teleportation
 B - 20 scrolls of remove curse
 C - a scroll of silence
 I - 5 scrolls of blinking
 P - a scroll of enchant armour
 R - 9 scrolls of immolation
 V - 2 scrolls of holy word
 W - 3 scrolls of fear
 X - 8 scrolls of fog
Potions
 c - 6 potions of might
 h - 3 potions of haste
 j - 9 potions of ambrosia
 m - 5 potions of cancellation
 o - 3 potions of berserk rage
 p - 3 potions of resistance
 v - 17 potions of curing
 x - 3 potions of invisibility
 D - 9 potions of flight
 O - 7 potions of magic
Miscellaneous
 s - a condenser vane (inert)
 G - a box of beasts (3/3)
 K - a tin of tremorstones (3/3)
 S - a phial of floods


   Skills:
 + Level 17.4 Fighting
 - Level 11.1(16.9) Short Blades
 + Level 17.7(18.4) Long Blades
 + Level 24.1(24.2) Slings
 - Level 2.5(12.6) Throwing
 - Level 10.5 Armour
 + Level 19.9 Dodging
 - Level 8.0 Stealth
 - Level 5.6 Shields
 + Level 11.2 Spellcasting
 - Level 5.0 Hexes
 + Level 10.0 Summonings
 + Level 15.4 Necromancy
 - Level 8.9 Translocations
 - Level 2.4 Air Magic
 - Level 13.5 Earth Magic
 + Level 19.7 Invocations
 + Level 15.6 Evocations


You had 8 spell levels left.
You knew the following spells:

 Your Spells              Type           Power        Failure   Level
a - Animate Skeleton      Necr           ######       1%          1
b - Corpse Rot            Necr/Air       N/A          1%          2
c - Animate Dead          Necr           ######....   1%          4
d - Dispel Undead         Necr           ######..     1%          4
e - Passwall              Tmut/Erth      #####...     1%          2
f - Corona                Hex            ####...      1%          1
g - Borgnjor's Vile Clut  Necr/Erth      ######....   1%          5
h - Apportation           Tloc           #####.       1%          1
i - Portal Projectile     Hex/Tloc       #####.       1%          3
j - Passage of Golubria   Tloc           N/A          2%          4
k - Haunt                 Necr/Summ      ######....   41%         7
l - Death Channel         Necr           ######....   2%          6

Your spell library contained the following spells:

 Spells                   Type           Power        Failure   Level
 Pain                     Necr           ####         1%          1
 Summon Small Mammal      Summ           ####         1%          1
 Blink                    Tloc           N/A          1%          2
 Call Imp                 Summ           ######..     1%          2
 Slow                     Hex            ####....     1%          2
 Sublimation of Blood     Necr           ######....   1%          2
 Gell's Gravitas          Tloc           #####.....   1%          3
 Lesser Beckoning         Tloc           #####.....   1%          3
 Stone Arrow              Conj/Erth      #####.       1%          3
 Summon Guardian Golem    Hex/Summ       #####...     1%          3
 Teleport Other           Tloc           #####...     1%          3
 Vampiric Draining        Necr           ######....   1%          3
 Agony                    Necr           ######..     1%          5
 Lee's Rapid Deconstruct  Erth           ######....   1%          5
 Leda's Liquefaction      Hex/Erth       #####.....   2%          4
 Confusing Touch          Hex            ####....     3%          3
 Tukima's Dance           Hex            ####....     3%          3
 Summon Demon             Summ           ######....   4%          5
 Ensorcelled Hibernation  Hex/Ice        ###...       5%          2
 Swiftness                Air            ###.....     5%          2
 Summon Forest            Summ/Tloc      #####.....   5%          5
 Shock                    Conj/Air       ###.         6%          1
 Petrify                  Tmut/Erth      #####...     6%          4
 Summon Lightning Spire   Summ/Air       #####...     8%          4
 Poisonous Vapours        Pois/Air       ###...       9%          2
 Beastly Appendage        Tmut           ##....       10%         1
 Foxfire                  Conj/Fire      ##..         10%         1
 Freeze                   Ice            ##..         10%         1
 Magic Dart               Conj           ##..         10%         1
 Sting                    Tmut/Pois      ##..         10%         1
 Dazzling Flash           Conj/Hex       ###...       11%         3
 Inner Flame              Hex/Fire       ###.....     11%         3
 Summon Ice Beast         Ice/Summ       ####....     12%         4
 Summon Mana Viper        Hex/Summ       #####...     12%         5
 Cause Fear               Hex            ####......   13%         4
 Static Discharge         Conj/Air       ###.....     19%         3
 Mephitic Cloud           Conj/Pois/Air  ##......     22%         3
 Shadow Creatures         Summ           N/A          24%         6
 Conjure Flame            Conj/Fire      ##......     30%         3
 Frozen Ramparts          Ice            ##....       30%         3
 Ignite Poison            Fire/Tmut/Pois ##......     30%         3
 Ozocubu's Armour         Ice            ##......     30%         3
 Spider Form              Tmut/Pois      ##........   30%         3
 Airstrike                Air            ###.......   34%         4
 Silence                  Hex/Air        ####......   52%         5
 Simulacrum               Ice/Necr       #####.....   54%         6
 Statue Form              Tmut/Erth      #####....    67%         6
 Hailstorm                Conj/Ice       ##......     69%         4
 Ice Form                 Ice/Tmut       ##......     69%         4
 Sticky Flame             Conj/Fire      ##......     69%         4
 Metabolic Englaciation   Hex/Ice        ###.......   69%         5
 Yara's Violent Unravell  Hex/Tmut       ###.......   69%         5
 Borgnjor's Revivificati  Necr           ######....   75%         8
 Infestation              Necr           ######....   75%         8
 Monstrous Menagerie      Summ           ######....   80%         7
 Summon Greater Demon     Summ           ######....   80%         7
 Summon Hydra             Summ           ######....   80%         7
 Lightning Bolt           Conj/Air       ###.......   86%         5
 Malign Gateway           Summ/Tloc      #####.....   86%         7
 Alistair's Intoxication  Tmut/Pois      ##.......    95%         5
 Blade Hands              Tmut           ##........   95%         5
 Fireball                 Conj/Fire      ##........   95%         5
 Irradiate                Conj/Tmut      ##........   95%         5
 Conjure Ball Lightning   Conj/Air       ###.......   100%        6
 Eringya's Noxious Bog    Tmut/Pois      ##........   100%        6
 Freezing Cloud           Conj/Ice/Air   ##........   100%        6
 Hydra Form               Tmut           ##........   100%        6
 Ozocubu's Refrigeration  Ice            ##........   100%        6
 Starburst                Conj/Fire      ##........   100%        6
 Dragon Form              Tmut           ##........   100%        7
 Spellforged Servitor     Conj/Summ      ####......   100%        7
 Chain Lightning          Conj/Air       ###.......   100%        8
 Ignition                 Fire           ##........   100%        8
 Lehudib's Crystal Spear  Conj/Erth      #####.....   100%        8
 Necromutation            Tmut/Necr      #####.....   100%        8
 Summon Horrible Things   Summ           ######....   100%        8
 Absolute Zero            Ice            ##........   100%        9
 Death's Door             Necr           ######....   100%        9
 Fire Storm               Conj/Fire      ##........   100%        9
 Shatter                  Erth           ######....   100%        9
 Tornado                  Air            ###.......   100%        9


Dungeon Overview and Level Annotations

Branches:
Dungeon (15/15)            Temple (1/1) D:7            Lair (6/6) D:8
  Swamp (4/4) Lair:4        Snake (4/4) Lair:3        Slime (0/5) Lair:5
    Orc (2/2) D:9             Elf (3/3) Orc:2        Vaults (5/5) D:13
  Crypt (3/3) Vaults:3       Tomb (2/3) Crypt:3      Depths (5/5) D:15
    Zot (3/5) Depths:5    Ossuary (visited)           IceCv (visited)
Gauntlet (visited)

Altars:
Ashenzari
Cheibriados
Dithmenos
Elyvilon
Fedhas
Gozag
Hepliaklqana
Kikubaaqudgha
Makhleb
Nemelex Xobeh
Okawaru
Qazlal
Ru
Sif Muna
Trog
Uskayaw
Vehumet
Wu Jian
Xom
Yredelemnul
Zin
The Shining One
Beogh
Jiyva

Shops:
D:6 (   D:12 =   Orc:2 *?[(   Snake:3 [   Depths:2 (?

Portals:
Hell: Depths:1 Depths:2 Depths:3 Depths:4 Depths:5
Abyss: Depths:1 Depths:4 Depths:5
Pandemonium: Depths:3
Ziggurat: Depths:1

Annotations:
D:2 1 runed translucent door, Crazy Yiuf
D:9 5 transporters
D:10 2 runed translucent doors, Peloso's ghost, journeyman GnFi
Swamp:1 Roxanne
Swamp:2 1 runed translucent door, Ejeom's ghost, adept DrCj
Elf:2 1 runed translucent door
Tomb:1 corrupted
Tomb:2 corrupted
Depths:1 , corrupted, 1 runed translucent door, zedlic's ghost, adept MiBe
Zot:1 exclusion: orb of fire
Zot:3 corrupted


Innate Abilities, Weirdness & Mutations

You are small and have problems with some larger weapons.
You are somewhat resistant to further mutation.
You are clumsy. (Dex -2)


Message History

The apocalypse crab is engulfed in poison gas.
The apocalypse crab is poisoned.
The apocalypse crab closely misses the thrashing horror.
The apocalypse crab barely misses the thrashing horror.
Something completely misses the green draconian shifter.
The raiju bites the komodo dragon!
The raiju shocks the komodo dragon.
The small abomination hits the green draconian shifter!
The green draconian shifter writhes in pain as voices assail its mind.
The apocalypse crab is engulfed in poison gas.
The apocalypse crab is poisoned.
The apocalypse crab breathes chaos at the thrashing horror.
The blast of chaos engulfs the thrashing horror but does no damage.
The thrashing horror completely resists.
The ynoxinul gestures at the small abomination.
The iron shot hits the small abomination!!
Your spectral draconian stormcaller hits the yellow draconian shifter but does no damage.
The yellow draconian monk barely misses you.
You block the yellow draconian monk's attack.
The yellow draconian monk tail-slaps you!
You die...

(...# #.#.3?...x# ##..
....# .#x....X.## ##.
((..# # .x..#?X... ##
....Z##3##..xF43.# #
#.....4.X§#tX3xxh#
#.....Dx.§X§W§#q.##
####4...#☼xtZZX☼#3## #
#####§5§d§☼d§..# #
#...###○#§lq@§# .# ###
#<.§##.XZkh.k§# ..#
d.###.).#.##§Zk)§§#..^##
...§(......Zqq§§§§......
..)((.Z....Z§§§.§§§.....
..).............§.......
#
...............§........
#
§#....#....#.....###...#
#. .##...#....#...###
#... #.#


You could see a yellow draconian monk (extremely poisoned, catching breath,
corroded), 2 draconians, 2 draconians, a green draconian stormcaller (drained),
a death drake (summoned), a lindwurm (summoned, very poisoned), a thrashing
horror (summoned), a komodo dragon (summoned, poisoned), a swamp drake
(summoned), a small abomination (summoned), a neutral tentacled starspawn
(summoned), 2 neutral apocalypse crabs, a neutral thrashing horror (summoned,
corroded), 3 neutral large abominations, a neutral hellwing (summoned), a
neutral freezing wraith (summoned), a neutral worldbinder (summoned), a neutral
sixfirhy (summoned), a neutral raiju (summoned, drained), a neutral blink frog
(summoned), a neutral neqoxec (summoned), a neutral ynoxinul (summoned), 4
neutral small abominations, a neutral white imp (summoned), a friendly spectral
quicksilver dragon (corroded), 2 friendly spectral yellow draconians, 2 friendly
spectral purple draconians and a friendly spectral draconian stormcaller
(corroded).

Vanquished Creatures
  2 ancient liches
  Khufu (Crypt:2)
  A juggernaut (Depths:4)
  31 greater mummies
  The ghost of Caimoamu the Slayer, a master TeEn of Makhleb (Zot:1)
  Bai Suzhen (Vaults:2)
  Sojobo (Depths:4)
  Saint Roka (Crypt:1)
  2 curse toes (Zot:1)
  5 golden dragons
  The ghost of Ozizeorol the Impregnable, a veteran GrFi of Gozag (Depths:1)
  A profane servitor (Crypt:3)
  The ghost of threeofswords the Warrior, an adept OgIE of Ashenzari (Depths:1)
  Jory (Crypt:1)
  Nikola (Vaults:2)
  A bone dragon (Crypt:3)
  2 electric golems
  14 tentacled monstrosities
  Jorgrun (Orc:1)
  4 quicksilver dragons
  9 liches
  An eldritch tentacle (Vaults:1)
  4 titans
  3 deep elf master archers (Elf:3)
  4 acid blobs
  7 ancient champions
  5 deep elf blademasters (Elf:2)
  5 death cobs
  A tentacled starspawn (Abyss:1)
  3 thorn hunters (Swamp:3)
  4 shadow dragons
  13 sphinxes
  Kirke (D:12)
  14 tengu reavers
  8 nagarajas
  Donald (Swamp:1)
  5 azure jellies
  4 storm dragons
  A draconian monk (Depths:5)
  12 fire giants
  An azure jelly (shapeshifter) (Vaults:4)
  2 revenants
  A draconian scorcher (Zot:1)
  11 frost giants
  2 ghost moths
  2 curse skulls
  11 deep elf sorcerers
  An orc warlord (Vaults:4)
  A draconian knight (Zot:1)
  7 draconian stormcallers
  A cacodemon (Depths:3)
  15 ironheart preservers
  A draconian shifter (Depths:5)
  7 vault wardens
  5 deep elf elementalists (Elf:3)
  20 stone giants
  12 very ugly things
  11 ghouls
  4 draconian annihilators
  A reaper (IceCv)
  7 vampire knights
  An entropy weaver (Vaults:2)
  8 green draconians
  6 deep elf demonologists
  6 black draconians
  A minotaur (Gauntlet)
  8 deep elf annihilators
  13 spark wasps
  6 red draconians
  9 yellow draconians
  11 purple draconians
  A merfolk javelineer (Depths:3)
  2 white draconians (Zot:1)
  12 ettins
  A crystal guardian (Vaults:3)
  A blizzard demon (Abyss:1)
  5 death oozes
  9 deep elf death magi
  A spectral quicksilver dragon (Crypt:3)
  7 deep elf high priests
  4 eidola
  15 great orbs of eyes
  17 ogre magi
  13 fire dragons
  19 mummy priests
  20 jiangshi
  14 ice dragons
  19 yaktaur captains
  5 rakshasas
  27 vault guards
  Harold (D:10)
  22 naga warriors
  A quicksilver dragon skeleton (Tomb:1)
  3 catoblepae
  20 hydras
  15 anacondas
  Erica (D:11)
  5 shambling mangroves
  2 ghost crabs (Swamp:2)
  A spriggan air mage (Depths:5)
  7 centaur warriors
  7 death knights
  A hell hog (Depths:2)
  13 alligators
  7 tengu warriors
  42 two-headed ogres
  The ghost of Bunit the Thaumaturge, a journeyman OpWz of Sif Muna (Orc:1)
  4 death yaks
  Urug (Orc:1)
  29 dancing weapons
  52 death scarabs
  6 vampire magi
  6 deep troll shamans
  5 orc high priests
  14 deep troll earth magi
  4 spriggan berserkers
  A shock serpent (shapeshifter) (Vaults:5)
  11 naga sharpshooters
  12 shock serpents
  Nergalle (D:11)
  5 hell knights
  4 soul eaters
  35 deep elf knights
  3 shadow wraiths
  27 skeletal warriors
  6 iron trolls (Depths:1)
  6 salamander mystics
  7 swamp dragons
  4 glowing orange brains
  A sea snake (Vaults:1)
  18 deep trolls
  3 unseen horrors
  A spatial maelstrom (Abyss:1)
  3 sixfirhies (Gauntlet)
  6 wizards
  4 spriggan druids
  8 flayed ghosts
  A torturous demonspawn (Depths:3)
  2 death drakes
  A ghost moth zombie (Crypt:2)
  4 starcursed masses
  15 deep elf archers
  12 naga ritualists
  21 ironbrand convokers
  A lindwurm (shapeshifter) (Elf:3)
  6 lindwurms
  A wolf spider zombie (Crypt:2)
  8 harpies
  5 necromancers
  17 orc knights
  A golden dragon skeleton (D:15)
  11 phantasmal warriors
  A shadow dragon zombie (Tomb:1)
  2 sphinx zombies
  90 deep elf magi
  23 ugly things
  7 salamanders
  A shadow dragon skeleton (Crypt:2)
  A sphinx skeleton (Crypt:1)
  5 wolf spiders
  A mana viper (shapeshifter) (Vaults:5)
  15 moths of wrath
  17 mana vipers
  8 orc sorcerers
  3 salamanders (shapeshifter)
  A shining eye (Depths:2)
  17 large abominations
  2 manticores
  6 cyclopes
  An orb spider (shapeshifter) (Vaults:4)
  8 elephants
  An iron dragon zombie (Tomb:1)
  3 worldbinders
  A moth of wrath (shapeshifter) (Depths:2)
  3 centaur zombies
  15 vault sentinels
  48 black mambas
  13 guardian serpents
  2 guardian serpents (shapeshifter)
  25 naga magi
  An iron dragon skeleton (Tomb:2)
  2 frost giant skeletons (Crypt:2)
  3 smoke demons
  A fire giant skeleton (Crypt:2)
  An orange demon (Depths:3)
  2 shock serpent skeletons
  3 ice statues
  2 torpor snails
  A red draconian zombie (Crypt:1)
  21 cane toads
  A gargoyle (D:12)
  2 centaur skeletons
  A tormentor (Abyss:2)
  5 spectral swamp worms (Depths:4)
  The ghost of Burgietje the Skirmisher, a novice GrFi (D:7)
  A human zombie (Vaults:1)
  A kobold demonologist (Depths:1)
  15 freezing wraiths
  6 komodo dragons
  Maggie (D:8)
  5 rime drakes
  A spriggan skeleton (D:15)
  A komodo dragon (shapeshifter) (Vaults:4)
  An efreet (D:15)
  A harpy zombie (Tomb:1)
  An ancient zyme (Abyss:2)
  54 yaktaurs
  A yellow draconian skeleton (Crypt:2)
  12 ice devils
  A troll (shapeshifter) (Depths:2)
  27 guardian mummies
  3 meliai (D:15)
  A hellwing (Depths:3)
  A golden dragon simulacrum (Crypt:3)
  A queen bee (Lair:2)
  A red devil (Depths:5)
  5 tengu conjurers
  11 tyrant leeches
  A polar bear (Lair:6)
  A jumping spider (Vaults:1)
  22 hornets
  7 trolls
  4 spectral orcs (Orc:1)
  A hippogriff (shapeshifter) (Vaults:1)
  16 blink frogs
  6 raiju
  A harpy skeleton (D:15)
  11 bog bodies
  A frost giant simulacrum (Crypt:2)
  An ettin zombie (D:15)
  41 slime creatures
  8 dream sheep
  8 hippogriffs
  A stone giant simulacrum (Crypt:3)
  56 flying skulls
  3 spriggans
  An alligator skeleton (Crypt:2)
  5 air elementals
  3 tarantellas
  9 shadows
  9 water elementals
  A vampire (D:15)
  8 wraiths
  2 ynoxinuls
  10 redbacks
  5 wyverns
  33 yaks
  10 ushabtiu
  8 basilisks
  5 fire bats
  2 yaks (shapeshifter) (Vaults:4)
  A golden eye (Depths:2)
  3 steam dragons
  A basilisk (shapeshifter) (Vaults:4)
  3 chaos spawn
  2 fire elementals
  23 vampire mosquitoes
  5 swamp worm simulacra (Swamp:4)
  A golden eye (shapeshifter) (Vaults:2)
  4 hogs
  A yaktaur simulacrum (Vaults:1)
  59 nagas
  8 wargs
  A torturous demonspawn zombie (Crypt:1)
  21 insubstantial wisps
  An acid dragon (Lair:6)
  13 swamp worms
  2 spatial vortices (Vaults:1)
  A soldier ant (D:13)
  A floating eye (Depths:4)
  Duvessa (D:6)
  5 water moccasins
  10 hell hounds
  14 hydra simulacra (Swamp:4)
  12 porcupines
  A water moccasin (shapeshifter) (Abyss:1)
  A gelid demonspawn skeleton (Crypt:2)
  64 orc warriors
  A cane toad skeleton (Crypt:3)
  A swamp drake (shapeshifter) (Abyss:1)
  2 phantoms
  16 ice beasts
  4 black bears
  7 swamp drakes
  An eye of draining (shapeshifter) (Vaults:5)
  9 necrophages
  2 sky beasts
  17 wolves
  3 boggarts
  43 ogres
  20 crocodiles
  14 centaurs
  A komodo dragon zombie (Crypt:1)
  18 bullfrogs
  5 big kobolds
  26 small abominations
  2 earth elementals
  A gnoll sergeant (D:9)
  2 human skeletons (Vaults:1)
  A water moccasin zombie (D:9)
  Dowan (D:6)
  A scorpion (shapeshifter) (Depths:3)
  4 scorpions
  24 killer bees (Lair:2)
  A warg skeleton (Crypt:2)
  A snapping turtle simulacrum (Crypt:2)
  A troll zombie (Crypt:2)
  A spectral ogre (Orc:1)
  20 wights
  5 howler monkeys
  8 electric eels
  A crimson imp (Depths:5)
  8 hounds
  A quasit (Abyss:2)
  5 bullfrog zombies
  10 jellies
  23 orc priests
  26 orc wizards
  A water moccasin simulacrum (D:5)
  A bullfrog skeleton (D:13)
  An iron imp (Abyss:1)
  Natasha (thrice) (D:2)
  6 iguanas
  11 worker ants
  4 lightning spires (Vaults:1)
  The ghost of fly the Sneak, a weakling TrDe (D:5)
  A crocodile zombie (Crypt:1)
  2 hound skeletons
  Robin (D:2)
  16 mummies
  A worker ant zombie (D:9)
  11 gnolls
  A howler monkey skeleton (Crypt:1)
  12 adders
  2 ogre simulacra
  A hound simulacrum (D:5)
  A shadow imp (D:6)
  13 white imps
  17 ufetubi
  3 swamp drake simulacra (Swamp:4)
  2 oozes (Depths:1)
  2 adder skeletons (D:7)
  3 worms
  A dart slug (D:2)
  An adder simulacrum (D:5)
  5 leopard geckos
  101 orcs
  2 ball pythons
  6 bats
  5 giant cockroaches
  17 goblins
  6 hobgoblins
  16 jackals
  25 kobolds
  A quokka (D:5)
  A ball python skeleton (Ossuary)
  4 frilled lizards
  2 hobgoblin zombies (Ossuary)
  A jackal skeleton (D:5)
  3 kobold zombies (Ossuary)
  A leopard gecko skeleton (Crypt:2)
  An orc skeleton (Ossuary)
  An orc zombie (Ossuary)
  A quokka zombie (D:7)
  9 rats
  3 crawling corpses (Elf:3)
2849 creatures vanquished.

Vanquished Creatures (collateral kills)
  A sphinx (Tomb:1)
  A shadow dragon (Vaults:4)
  A storm dragon (Vaults:4)
  A purple draconian (Zot:3)
  A yaktaur captain (Vaults:5)
  2 vault guards (Vaults:4)
  A large abomination (Abyss:1)
  A yaktaur (Vaults:5)
  3 guardian mummies (Tomb:1)
  2 mummies (Tomb:1)
14 creatures vanquished.

Vanquished Creatures (others)
  2 greater mummies (Tomb:1)
  An acid blob (Depths:1)
  A revenant (Tomb:2)
  An azure jelly (Depths:1)
  A fire giant (Depths:1)
  A fire dragon (Depths:1)
  A quicksilver dragon skeleton (Tomb:2)
  2 death oozes (Depths:1)
  3 mummy priests (Tomb:2)
  A deep elf high priest (Elf:3)
  A great orb of eyes (Depths:1)
  A dancing weapon (Elf:2)
  9 death scarabs (Tomb:2)
  A wolf spider zombie (Tomb:2)
  A wizard (Vaults:1)
  A harpy (Vaults:3)
  A moth of wrath (Zot:3)
  7 guardian mummies (Tomb:2)
  2 redbacks (Depths:1)
  A human (D:12)
  An ushabti (Tomb:2)
  A spatial vortex (Tomb:2)
  A swamp worm (Swamp:1)
  2 ogres
  An elf skeleton (Tomb:2)
  A vampire bat (Vaults:1)
  A jelly (Depths:1)
  21 mummies (Tomb:2)
  2 adders (D:12)
  A white imp (IceCv)
  5 ufetubi (IceCv)
  3 ball lightnings (Vaults:1)
  4 orcs (D:12)
  2 quokkas (D:3)
  76 fungi
  171 plants
  27 starspawn tentacles
  11 withered plants (D:15)
370 creatures vanquished.

Grand Total: 3233 creatures vanquished

Notes
Turn   | Place    | Note
-------+----------+-------------------------------------------
     0 | Abyss:1  | Gunterle the Halfling Abyssal Knight began the quest for
                  | the Orb.
     0 | Abyss:1  | Reached XP level 1. HP: 15/15 MP: 2/2
     2 | Abyss:1  | Found a corrupted altar of Lugonu.
    34 | Abyss:1  | Noticed a flayed ghost
    35 | D:1      | Escaped the Abyss
   180 | D:1      | Reached XP level 2. HP: 20/20 MP: 3/3
   225 | D:1      | Reached * piety under Lugonu
  1132 | D:2      | Noticed Natasha
  1137 | D:1      | Reached XP level 3. HP: 24/25 MP: 4/4
  1249 | D:2      | Found a bloodstained altar of Trog.
  1359 | D:2      | Found a shadowy altar of Dithmenos.
  1480 | D:2      | Noticed Robin
  1507 | D:2      | Reached XP level 4. HP: 30/30 MP: 5/5
  1599 | D:2      | Killed Robin
  1599 | D:2      | Reached ** piety under Lugonu
  1765 | D:2      | Killed Natasha
  1765 | D:2      | Reached XP level 5. HP: 15/36 MP: 6/6
  1995 | D:2      | Noticed Natasha
  2003 | D:2      | Killed Natasha
  2161 | D:2      | Found a runed translucent door.
  2162 | D:2      | Noticed Crazy Yiuf
  2210 | D:2      | Noticed Natasha
  2221 | D:2      | Killed Natasha
  3733 | D:3      | Reached XP level 6. HP: 29/42 MP: 8/8
  3808 | D:3      | Reached skill level 1 in Slings
  4447 | D:5      | Entered Level 5 of the Dungeon
  4464 | D:5      | Found a runed translucent gate.
  4511 | D:5      | Reached skill level 1 in Shields
  4515 | D:5      | Noticed an ice beast
  4534 | D:5      | Reached XP level 7. HP: 22/46 MP: 9/9
  4549 | D:5      | Found a sand-covered staircase.
  4554 | Ossuary  | Entered an ossuary
  4768 | Ossuary  | Reached skill level 5 in Short Blades
  4768 | Ossuary  | Reached skill level 2 in Slings
  5237 | Ossuary  | Noticed a wraith
  5237 | Ossuary  | Noticed a flying skull
  5246 | Ossuary  | Noticed a flying skull
  5249 | Ossuary  | Noticed a wraith
  5254 | Ossuary  | Noticed a flying skull
  5564 | D:3      | Reached *** piety under Lugonu
  5842 | D:3      | Found a white marble altar of Elyvilon.
  5971 | D:3      | Found a radiant altar of Vehumet.
  6358 | D:4      | Reached skill level 3 in Slings
  6610 | D:5      | Found a runed translucent gate.
  6639 | D:5      | Found a runed translucent gate.
  6670 | D:5      | Noticed fly's ghost (weakling TrDe)
  6729 | D:5      | Reached XP level 8. HP: 48/54 MP: 10/10
  7009 | D:5      | Found a glowing golden altar of the Shining One.
  7180 | D:5      | Reached **** piety under Lugonu
  7683 | D:6      | Found Bohill Wadoa's Weapon Emporium.
  7687 | D:6      | Bought 6 curare-tipped darts for 39 gold pieces
  7931 | D:6      | Reached skill level 4 in Slings
  8013 | D:6      | Noticed Duvessa
  8032 | D:6      | Killed Duvessa
  8053 | D:6      | Noticed Dowan
  8062 | D:6      | Killed Dowan
  8185 | D:6      | Reached XP level 9. HP: 49/59 MP: 9/11
  8690 | D:7      | Found a staircase to the Ecumenical Temple.
  8853 | D:7      | Found a runed translucent gate.
  8856 | D:7      | Found a runed translucent gate.
  8856 | D:7      | Found a runed translucent gate.
  8857 | D:7      | Found an opulent altar of Gozag.
  8857 | D:7      | Noticed a troll
  8858 | D:7      | Noticed Burgietje's ghost (novice GrFi)
  8906 | D:7      | Reached skill level 5 in Slings
  9060 | Temple   | Entered the Ecumenical Temple
  9078 | D:7      | Identified the Tome of Congealing Evil Secrets
  9499 | D:7      | Reached skill level 5 in Shields
  9620 | D:7      | Reached skill level 5 in Dodging
  9648 | D:7      | Found a hide-covered altar of Uskayaw.
  9657 | D:7      | Found a snail-covered altar of Cheibriados.
  9662 | D:7      | Found a sacrificial altar of Ru.
  9782 | D:7      | Found a hazy altar of Hepliaklqana.
  9877 | D:8      | Found a staircase to the Lair.
  9877 | D:8      | Noticed a cyclops
  9979 | D:6      | Reached skill level 5 in Fighting
  9979 | D:6      | Reached skill level 1 in Long Blades
 10354 | D:8      | Reached skill level 6 in Slings
 10397 | D:8      | Found an opulent altar of Gozag.
 10464 | D:8      | Noticed an ice devil
 10468 | D:8      | Noticed an ice devil
 10468 | D:8      | Noticed an ice devil
 10468 | D:8      | Noticed an ice devil
 10469 | D:8      | Noticed an ice devil
 10469 | D:8      | Noticed an ice statue
 10472 | D:8      | Noticed an ice devil
 10512 | D:8      | Reached ***** piety under Lugonu
 10601 | D:8      | Reached XP level 10. HP: 37/66 MP: 13/13
 10646 | D:8      | Found a shimmering blue altar of Sif Muna.
 10791 | D:7      | Upgraded the game from 0.26-a0-639-g72c4674329 to
                  | 0.26-a0-642-g67e99244d3
 10947 | D:8      | Noticed Maggie
 10956 | D:8      | Killed Maggie
 11470 | D:8      | Killed a cyclops
 11470 | D:8      | Reached skill level 7 in Slings
 11470 | D:8      | Reached skill level 1 in Stealth
 11470 | D:8      | Reached skill level 5 in Invocations
 11470 | D:8      | Reached skill level 1 in Evocations
 11881 | D:9      | Found a transporter.
 11884 | D:9      | Noticed a manticore
 11885 | D:9      | Found a transporter.
 11888 | D:9      | Noticed a two-headed ogre
 11904 | D:9      | Found a transporter.
 11976 | D:9      | Found a transporter.
 11976 | D:9      | Found a transporter.
 12067 | D:9      | Found a staircase to the Orcish Mines.
 12077 | D:9      | Got a shimmering leather armour
 12148 | D:9      | Identified the cursed +1 leather armour of Oriblog {rElec}
                  | (You found it on level 9 of the Dungeon)
 12294 | D:9      | Killed an unseen horror
 13193 | D:10     | Entered Level 10 of the Dungeon
 13193 | D:10     | Noticed Harold
 13486 | D:10     | Reached XP level 11. HP: 64/72 MP: 15/15
 13503 | D:10     | Found a large runed translucent door.
 13503 | D:10     | Found a large runed translucent door.
 13505 | D:10     | Noticed Peloso's ghost (journeyman GnFi)
 13943 | D:11     | Noticed a manticore
 13947 | D:11     | Killed a manticore
 13947 | D:11     | Reached skill level 8 in Slings
 14015 | D:11     | Found a portal to a secret trove of treasure.
 14106 | D:9      | Noticed a death drake
 14128 | D:9      | Noticed a fire crab
 14128 | D:9      | a death drake changed into a fire crab
 14183 | D:9      | Noticed a salamander
 14183 | D:9      | a fire crab changed into a salamander
 14742 | D:11     | Noticed Nergalle
 14747 | D:11     | Noticed a spectral orc warlord
 15011 | D:11     | Killed Nergalle
 15088 | D:11     | Noticed a wizard
 15106 | D:11     | Noticed Erica
 15109 | D:11     | Noticed a two-headed ogre
 15228 | Lair:1   | Entered Level 1 of the Lair of Beasts
 15545 | Lair:1   | Got a fine short sword
 15545 | Lair:1   | Identified the +12 short sword "Goblinslayer" {pain,
                  | *Corrode +Fly MR+} (You found it on level 1 of the Lair of
                  | Beasts)
 15994 | Lair:1   | Reached skill level 10 in Short Blades
 16229 | Lair:1   | Reached skill level 9 in Slings
 16301 | Lair:1   | Learned a level 1 spell: Animate Skeleton
 16777 | Lair:2   | Reached skill level 5 in Stealth
 16777 | Lair:2   | Reached XP level 12. HP: 74/80 MP: 17/17
 17452 | Lair:2   | Found a shadowy altar of Dithmenos.
 17472 | Lair:2   | Reached skill level 5 in Long Blades
 19388 | Lair:3   | Reached skill level 10 in Slings
 19388 | Lair:3   | Reached skill level 5 in Evocations
 19393 | Lair:3   | Reached skill level 1 in Necromancy
 19805 | Lair:3   | Found a staircase to the Snake Pit.
 19895 | Lair:3   | Reached XP level 13. HP: 74/86 MP: 18/18
 22274 | Lair:4   | Found a staircase to the Swamp.
 22496 | Lair:4   | Got a vibrating amber ring
 22504 | Lair:4   | Reached skill level 11 in Slings
 23112 | Lair:5   | Noticed a catoblepas
 23120 | Lair:5   | Killed a catoblepas
 23128 | Lair:5   | Found a gate leading to a gauntlet.
 23172 | Gauntlet | Entered a Gauntlet
 23172 | Gauntlet | Found a transporter.
 23172 | Gauntlet | Found a transporter.
 23172 | Gauntlet | Found a runed translucent door.
 23173 | Gauntlet | Found a runed translucent door.
 23174 | Gauntlet | Found a transporter.
 23175 | Gauntlet | Found a transporter.
 23177 | Gauntlet | Found a transporter.
 23223 | Gauntlet | Noticed a blizzard demon
 23228 | Gauntlet | Found a transporter.
 23228 | Gauntlet | Found a transporter.
 23230 | Gauntlet | Found a transporter.
 23242 | Gauntlet | Found a transporter.
 23258 | Gauntlet | Found a transporter.
 23282 | Gauntlet | Found a transporter.
 23289 | Gauntlet | Found a transporter.
 23332 | Gauntlet | Found a transporter.
 23349 | Gauntlet | Found a transporter.
 23416 | Gauntlet | Got a bloodstained cloak
 23426 | Gauntlet | Identified the +0 cloak "Wife" {rPois rCorr Slay-5} (You
                  | found it in a Gauntlet)
 24147 | Gauntlet | Got a slimy wooden ring
 24283 | Gauntlet | Identified the +8 chain mail of Eternal Night {rElec Regen+
                  | Dex+4}
 24283 | Gauntlet | Noticed a minotaur
 24287 | Gauntlet | Killed a minotaur
 24287 | Gauntlet | Reached XP level 14. HP: 90/94 MP: 20/20
 24314 | Gauntlet | Got an iridescent war axe
 24548 | Lair:5   | Found a viscous altar of Jiyva.
 24549 | Lair:5   | Found a staircase to the Slime Pits.
 24586 | Lair:5   | Identified a scroll of acquirement
 26142 | Lair:6   | Entered Level 6 of the Lair of Beasts
 26489 | Lair:5   | Reached skill level 12 in Slings
 27406 | Lair:6   | Reached skill level 10 in Dodging
 27602 | Lair:6   | Got an opalescent robe
 27612 | Lair:6   | Identified the +4 robe of Watchfulness {Regen+ rCorr Str-4
                  | Stlth+} (You found it on level 6 of the Lair of Beasts)
 28654 | Lair:6   | Reached ****** piety under Lugonu
 28696 | Lair:6   | Reached XP level 15. HP: 101/101 MP: 22/22
 29238 | D:8      | Identified the ring "Refakkeme" {rCorr Int+4} (You found it
                  | in a Gauntlet)
 29239 | D:8      | Identified the ring "Unawen" {Ice Str+2} (You found it on
                  | level 4 of the Lair of Beasts)
 29251 | D:8      | Learned a level 2 spell: Corpse Rot
 29256 | D:8      | Learned a level 4 spell: Animate Dead
 29261 | D:8      | Learned a level 4 spell: Dispel Undead
 29394 | Orc:1    | Entered Level 1 of the Orcish Mines
 29662 | D:8      | Reached skill level 5 in Necromancy
 29928 | D:7      | Killed Burgietje's ghost
 30035 | D:5      | Killed fly's ghost
 30363 | Orc:2    | Entered Level 2 of the Orcish Mines
 31649 | Orc:2    | Found a bloodstained altar of Trog.
 31696 | Orc:2    | Found a staircase to the Elven Halls.
 31795 | Orc:2    | Reached skill level 10 in Invocations
 31873 | Orc:2    | Paralysed by an orc sorcerer for 7 turns
 31999 | Orc:2    | Found a roughly hewn altar of Beogh.
 32081 | Orc:2    | Found Detegh's Magic Scroll Shop.
 32087 | Orc:2    | Bought a scroll of random uselessness for 14 gold pieces
 32434 | Orc:1    | Noticed Urug
 32472 | Orc:1    | Killed Urug
 32472 | Orc:1    | Reached skill level 5 in Armour
 32877 | Orc:1    | Found a runed translucent gate.
 32878 | Orc:1    | Found a runed translucent gate.
 32886 | Orc:1    | Found a runed translucent gate.
 32886 | Orc:1    | Noticed Jorgrun
 33299 | Orc:2    | Reached skill level 13 in Slings
 33857 | Orc:2    | Found Rorphesao's Antique Weapon Shop.
 33857 | Orc:2    | Found Pamiheq's Armour Shop.
 33859 | Orc:2    | Found Arur's Magic Scroll Shoppe.
 33859 | Orc:2    | Found Optixe's Assorted Antiques.
 33890 | Orc:2    | Bought a +2 buckler of poison resistance for 333 gold
                  | pieces
 34139 | Orc:1    | Killed Jorgrun
 34223 | Orc:1    | Noticed Bunit's ghost (journeyman OpWz)
 34314 | Orc:1    | Killed Bunit's ghost
 34400 | Orc:1    | Identified Arixior's Collected Works on Flying Clay
 34412 | Orc:1    | Learned a level 2 spell: Passwall
 34521 | Orc:2    | Bought a scroll of blinking for 112 gold pieces
 34521 | Orc:2    | Bought a scroll of enchant armour for 112 gold pieces
 34521 | Orc:2    | Bought a scroll of identify for 30 gold pieces
 34521 | Orc:2    | Bought a scroll of teleportation for 45 gold pieces
 34521 | Orc:2    | Bought a scroll of identify for 30 gold pieces
 34521 | Orc:2    | Bought a scroll of identify for 30 gold pieces
 34521 | Orc:2    | Bought 3 scrolls of identify for 90 gold pieces
 34521 | Orc:2    | Bought 2 scrolls of teleportation for 90 gold pieces
 34585 | Orc:2    | Bought a scroll of teleportation for 42 gold pieces
 34585 | Orc:2    | Bought a scroll of identify for 28 gold pieces
 34585 | Orc:2    | Bought a scroll of teleportation for 42 gold pieces
 34585 | Orc:2    | Bought a scroll of teleportation for 42 gold pieces
 34585 | Orc:2    | Bought a scroll of identify for 28 gold pieces
 34585 | Orc:2    | Bought a scroll of immolation for 49 gold pieces
 34585 | Orc:2    | Bought a scroll of immolation for 49 gold pieces
 34585 | Orc:2    | Bought a scroll of fog for 28 gold pieces
 34585 | Orc:2    | Bought a scroll of blinking for 105 gold pieces
 34585 | Orc:2    | Bought a scroll of vulnerability for 105 gold pieces
 34811 | D:10     | Killed Harold
 35349 | D:11     | Learned a level 1 spell: Corona
 35498 | D:11     | Killed Erica
 35866 | D:12     | Reached XP level 16. HP: 108/108 MP: 23/23
 35886 | D:12     | Found Puipnude's Jewellery Emporium.
 35953 | D:12     | Bought an uncursed ring of see invisible for 225 gold
                  | pieces
 35987 | D:12     | Reached skill level 1 in Hexes
 36014 | D:12     | Noticed Kirke
 36030 | D:12     | Noticed a sphinx
 36039 | D:12     | Killed Kirke
 36050 | D:12     | Found a frozen archway.
 36083 | IceCv    | Entered an ice cave
 37180 | IceCv    | Got a pitted chain mail
 39055 | D:13     | Found a gate to the Vaults.
 39082 | D:13     | Reached skill level 10 in Fighting
 40362 | D:15     | Entered Level 15 of the Dungeon
 40685 | D:15     | Paralysed by an ogre mage for 6 turns
 40704 | D:15     | Reached skill level 14 in Slings
 41114 | D:15     | Found a staircase to the Depths.
 41701 | D:15     | Reached XP level 17. HP: 115/115 MP: 25/25
 42392 | D:15     | Found a sacrificial altar of Ru.
 42713 | Swamp:1  | Entered Level 1 of the Swamp
 43243 | Swamp:1  | Noticed Donald
 43295 | Swamp:1  | Killed Donald
 43451 | Swamp:1  | Noticed Roxanne
 43649 | Swamp:1  | Found an ancient bone altar of Kikubaaqudgha.
 43968 | Swamp:1  | Identified the cursed +0 plate armour of the Wary
                  | Interlopers {MP+9 Slay+2} (You found it on level 1 of the
                  | Swamp)
 45624 | Swamp:2  | Reached skill level 1 in Throwing
 45719 | Swamp:2  | Reached skill level 1 in Air Magic
 46156 | Swamp:2  | Found a runed translucent door.
 46173 | Swamp:2  | Noticed Ejeom's ghost (adept DrCj)
 46766 | Swamp:3  | Noticed a thorn hunter
 46784 | Swamp:3  | Killed a thorn hunter
 47323 | Swamp:3  | Reached skill level 10 in Long Blades
 47351 | Swamp:3  | Reached skill level 10 in Evocations
 47488 | Swamp:3  | Noticed a thorn hunter
 47501 | Swamp:3  | Killed a thorn hunter
 47681 | Swamp:3  | Reached XP level 18. HP: 114/122 MP: 26/26
 48200 | Swamp:3  | Reached skill level 1 in Earth Magic
 48374 | Swamp:4  | Entered Level 4 of the Swamp
 50961 | Swamp:4  | Reached skill level 15 in Slings
 51096 | Swamp:4  | Got a decaying rune of Zot
 51413 | Snake:1  | Entered Level 1 of the Snake Pit
 52366 | D:11     | You paid a toll of 2 scrolls of acquirement to enter a
                  | treasure trove
 52367 | Trove    | Entered a treasure trove
 52465 | Trove    | Got a transparent tin amulet
 52469 | Trove    | Identified the amulet of Osulless {Faith *Drain rF++ Dex+2}
                  | (You found it in a treasure trove)
 52479 | Trove    | Reached XP level 19. HP: 128/128 MP: 28/28
 52589 | D:8      | Acquired a +0 buckler of positive energy
 54187 | Snake:2  | Reached XP level 20. HP: 102/135 MP: 29/29
 55142 | Snake:2  | Got a crude robe
 55152 | Snake:2  | Identified the +0 robe of Daisies {*Corrode rF++ SInv} (You
                  | found it on level 2 of the Snake Pit)
 56615 | Snake:3  | Acquired a manual of Earth Magic
 56632 | Snake:3  | Found a sparkling altar of Nemelex Xobeh.
 57378 | Snake:3  | Found Bamidaen's Armour Shoppe.
 57510 | Snake:4  | Entered Level 4 of the Snake Pit
 57542 | Snake:4  | Reached skill level 5 in Earth Magic
 57750 | Snake:4  | Reached skill level 10 in Armour
 58693 | Snake:4  | Reached skill level 16 in Slings
 59689 | Snake:4  | Reached XP level 21. HP: 142/142 MP: 30/30
 61049 | Snake:4  | Got a serpentine rune of Zot
 61344 | Elf:1    | Entered Level 1 of the Elven Halls
 61478 | Elf:1    | Reached skill level 10 in Necromancy
 63465 | Elf:1    | Reached skill level 10 in Earth Magic
 64350 | Elf:2    | Found a runed translucent door.
 64509 | Elf:2    | Reached XP level 22. HP: 145/150 MP: 32/32
 64814 | Elf:2    | Reached skill level 17 in Slings
 64931 | Elf:2    | Found a runed translucent door.
 65077 | Elf:2    | Cast into level 2 of the Abyss (+2 trident of distortion)
 65077 | Abyss:2  | Found a corrupted altar of Lugonu.
 65122 | Elf:2    | Escaped the Abyss
 66880 | Elf:3    | Entered Level 3 of the Elven Halls
 67883 | Elf:3    | Got an encrusted leather armour
 67893 | Elf:3    | Identified the cursed +1 leather armour "Copamni" {rElec
                  | MR- rCorr Stlth-} (You found it on level 3 of the Elven
                  | Halls)
 67970 | Elf:3    | Learned a level 5 spell: Borgnjor's Vile Clutch
 68543 | Elf:3    | Cast into level 4 of the Abyss (a deep elf sorcerer)
 68678 | Elf:3    | Escaped the Abyss
 68877 | Elf:3    | Cast into level 2 of the Abyss (a deep elf sorcerer)
 68889 | Elf:3    | Escaped the Abyss
 68906 | Elf:2    | Reached skill level 1 in Spellcasting
 70116 | Elf:3    | Identified the amulet "Weimucy" {Spirit rC+ Str+5}
 70140 | Elf:3    | Reached XP level 23. HP: 156/156 MP: 33/33
 70226 | Elf:3    | Identified the +4 ring mail "Wisucw" {rElec rN+++ Str-4
                  | SInv}
 70443 | Elf:3    | Identified the +7 flail of the Inquisitive People {venom,
                  | Int+3}
 71040 | Elf:3    | Found the +0 mask of the Dragon {MR+ Slay+3 SInv}
 71047 | Elf:3    | Learned a level 1 spell: Apportation
 71049 | Elf:3    | Identified the Tome of Venom and Translocation
 71153 | Elf:3    | Learned a level 3 spell: Portal Projectile
 71661 | Vaults:1 | Entered Level 1 of the Vaults
 72075 | Vaults:1 | Reached skill level 1 in Translocations
 72129 | Vaults:1 | Identified the Almanac of Calling
 72805 | Vaults:1 | Paralysed by a hornet for 1 turns
 72822 | Vaults:1 | Reached skill level 18 in Slings
 72849 | Vaults:1 | Identified the Almanac of Envenoming
 72995 | Vaults:1 | Identified the Guide on Feathers
 73462 | Vaults:1 | Identified Ajastrahust's Reference Book on Transformation
 74057 | Vaults:1 | Reached skill level 15 in Dodging
 74787 | Vaults:1 | Identified the Catalogue of Orientation
 74794 | Vaults:1 | Learned a level 4 spell: Passage of Golubria
 75978 | Vaults:2 | Noticed Nikola
 75988 | Vaults:2 | Killed Nikola
 76050 | Vaults:2 | Reached XP level 24. HP: 163/163 MP: 34/34
 76997 | Vaults:3 | Found a staircase to the Crypt.
 76997 | Vaults:3 | Found a basalt altar of Yredelemnul.
 76998 | Vaults:3 | Found an ancient bone altar of Kikubaaqudgha.
 77046 | Vaults:3 | Noticed Bai Suzhen
 77069 | Vaults:2 | Killed Bai Suzhen
 77069 | Vaults:2 | Reached skill level 5 in Hexes
 78074 | Vaults:3 | Reached skill level 15 in Invocations
 78318 | Vaults:2 | Reached skill level 5 in Translocations
 80394 | Vaults:4 | Reached skill level 5 in Spellcasting
 80416 | Vaults:4 | Reached skill level 19 in Slings
 80416 | Vaults:4 | Reached XP level 25. HP: 84/171 MP: 26/34
 81950 | Vaults:5 | Entered Level 5 of the Vaults
 82759 | Depths:1 | Entered Level 1 of the Depths
 82850 | Depths:1 | Found a gateway to a ziggurat.
 82955 | Depths:1 | Found a runed translucent door.
 83120 | Depths:1 | Identified the +6 scimitar "Murmur" {vorpal, Stlth+} (You
                  | found it on level 1 of the Depths)
 83207 | Depths:1 | Found a gateway to Hell.
 83367 | Depths:1 | Corrupted Depths:1
 83873 | Depths:1 | Noticed Ozizeorol's ghost (veteran GrFi)
 84229 | Depths:1 | Paralysed by a sphinx for 5 turns
 85014 | Depths:1 | Identified the +5 ring mail of the Heron {rElec rPois rN+++
                  | Slay-6} (You found it on level 1 of the Depths)
 85347 | Depths:1 | Found a viscous altar of Jiyva.
 85470 | Depths:1 | Identified the cursed +0 scale mail of Relativism {Int+2}
                  | (You found it on level 1 of the Depths)
 85524 | Depths:1 | Identified the Incunabulum of Frigorific Intoxication
 85889 | Depths:1 | Found a one-way gate to the infinite horrors of the Abyss.
 85981 | Depths:2 | Found a transporter.
 86847 | Depths:2 | Found a transporter.
 86855 | Depths:2 | Found Xadici's Magic Scroll Shop.
 86891 | Depths:2 | Reached XP level 26. HP: 160/178 MP: 34/34
 86945 | Depths:2 | Found Huaxtufo's Weapon Boutique.
 86947 | Depths:2 | Bought a scroll of enchant armour for 127 gold pieces
 86947 | Depths:2 | Bought a scroll of identify for 34 gold pieces
 86947 | Depths:2 | Bought a scroll of teleportation for 51 gold pieces
 86947 | Depths:2 | Bought a scroll of teleportation for 51 gold pieces
 86947 | Depths:2 | Bought a scroll of blinking for 127 gold pieces
 86947 | Depths:2 | Bought a scroll of identify for 34 gold pieces
 86947 | Depths:2 | Bought a scroll of teleportation for 51 gold pieces
 86947 | Depths:2 | Bought a scroll of identify for 34 gold pieces
 88023 | Depths:2 | Got a slimy crystal amulet
 88038 | Depths:2 | Got a smoking turquoise ring
 88042 | Depths:2 | Identified the ring "Teunom" {rF+ rN+ Slay+2} (You found it
                  | on level 2 of the Depths)
 88043 | Depths:2 | Identified the amulet of Bickadgh {rElec rF+ Regen+ Str+4
                  | Stlth+} (You found it on level 2 of the Depths)
 88044 | Depths:2 | Acquired the +1 buckler "Xoceacuc" {*Contam rF++ Dex+7}
 88451 | Depths:1 | Killed Ozizeorol's ghost
 88589 | Depths:1 | Found a runed translucent door.
 88594 | Depths:1 | Noticed threeofswords's ghost (adept OgIE)
 88726 | Depths:1 | Killed threeofswords's ghost
 88726 | Depths:1 | Reached skill level 20 in Slings
 88913 | Depths:1 | Found a runed translucent door.
 88913 | Depths:1 | Noticed zedlic's ghost (adept MiBe)
 89908 | Depths:3 | Learned a level 7 spell: Haunt
 90356 | Depths:3 | Found a one-way gate leading to the halls of Pandemonium.
 90552 | Depths:3 | Reached skill level 1 in Summonings
 91693 | Depths:4 | You fall into a shaft and drop 1 floor!
 91693 | Depths:5 | Entered Level 5 of the Depths
 91769 | Depths:5 | Reached XP level 27. HP: 85/185 MP: 35/35
 91983 | Depths:4 | Noticed Sojobo
 92012 | Depths:4 | Killed Sojobo
 92886 | Depths:4 | Noticed a juggernaut
 92947 | Depths:4 | Killed a juggernaut
 93714 | Depths:5 | Reached skill level 15 in Fighting
 94834 | Depths:5 | Found a gate to the Realm of Zot.
 95127 | D:15     | Identified a +3 demon blade of distortion (a +1 demon blade
                  | of freezing corrupted by Lugonu)
 95127 | D:15     | Received a gift from Lugonu
 95308 | Crypt:1  | Entered Level 1 of the Crypt
 95322 | Crypt:1  | Noticed Saint Roka
 95340 | Crypt:1  | Killed Saint Roka
 95340 | Crypt:1  | Reached skill level 15 in Long Blades
 95624 | Crypt:1  | Reached skill level 21 in Slings
 96161 | Crypt:1  | Noticed Jory
 96180 | Crypt:1  | Killed Jory
 97564 | Crypt:2  | Noticed Khufu
 97589 | Crypt:2  | Noticed a greater mummy
 97589 | Crypt:2  | Noticed a greater mummy
 97600 | Crypt:2  | Killed Khufu
 97610 | Crypt:2  | Killed a greater mummy
 97619 | Crypt:2  | Killed a greater mummy
 97619 | Crypt:2  | Reached skill level 5 in Summonings
 98208 | Crypt:3  | Entered Level 3 of the Crypt
 98740 | Crypt:3  | Found an ancient bone altar of Kikubaaqudgha.
 99760 | Crypt:3  | Found a staircase to the Tomb.
 99760 | Crypt:3  | Noticed an ancient lich
 99795 | Crypt:3  | Killed an ancient lich
100542 | Crypt:3  | Identified Sif Muna's Papyrus of Weightlessness and Toxins
100901 | Crypt:3  | Identified the Compendium of Calling and Ignition
101457 | Vaults:5 | Noticed an ancient lich
101768 | Vaults:4 | Killed an ancient lich
101926 | Vaults:4 | Learned a level 6 spell: Death Channel
102894 | Vaults:5 | Reached skill level 22 in Slings
103140 | Abyss:1  | HP: 9/189 [anaconda (3)]
103277 | Vaults:4 | Escaped the Abyss
103681 | Vaults:5 | Got a silver rune of Zot
103826 | Vaults:5 | Identified the Collected Works on Shifting Poison
103847 | Vaults:5 | Identified the +1 rapier "Nues" {drain, +Fly rN+ MP+9} (You
                  | found it on level 5 of the Vaults)
103940 | Vaults:5 | Identified Sif Muna's Tome of Ashen Transformation
103946 | Vaults:5 | Identified the +1 robe "Neceisipn" {MR+} (You found it on
                  | level 5 of the Vaults)
104062 | Vaults:5 | Identified the +10 spear "Fosoluas" {pain, SInv}
105075 | Tomb:1   | Entered Level 1 of the Tomb of the Ancients
105455 | Tomb:1   | HP: 8/189 [cloud of freezing vapour (29)]
106158 | Tomb:1   | Noticed a greater mummy
106191 | Tomb:1   | Killed a greater mummy
106340 | Tomb:1   | Noticed a greater mummy
106364 | Tomb:1   | Killed a greater mummy
106585 | Tomb:1   | Noticed a greater mummy
106731 | Tomb:1   | Killed a greater mummy
107192 | Tomb:1   | Identified the amulet "Pajetz" {RegenMP *Corrode +Inv
                  | Int+3}
107712 | Tomb:1   | Corrupted Tomb:1
107712 | Tomb:1   | Noticed a greater mummy
107721 | Tomb:1   | Noticed a greater mummy
107722 | Tomb:1   | Killed a greater mummy
107729 | Tomb:1   | Killed a greater mummy
107732 | Tomb:1   | Killed a greater mummy
107742 | Tomb:1   | Noticed a greater mummy
107743 | Tomb:1   | Noticed a greater mummy
107744 | Tomb:1   | Noticed a greater mummy
107949 | Tomb:1   | Noticed a greater mummy
107961 | Crypt:3  | Killed a greater mummy
108088 | Crypt:3  | Killed a greater mummy
108258 | Crypt:3  | Killed a greater mummy
108575 | Crypt:3  | Killed a greater mummy
108769 | Tomb:1   | Killed a greater mummy
108770 | Tomb:1   | Noticed a greater mummy
108921 | Tomb:1   | Killed a greater mummy
109057 | Tomb:1   | Noticed a greater mummy
109083 | Tomb:1   | Killed a greater mummy
109213 | Tomb:1   | Noticed a greater mummy
109229 | Tomb:1   | Killed a greater mummy
109240 | Tomb:1   | Noticed a greater mummy
109251 | Tomb:1   | Noticed a greater mummy
109255 | Tomb:1   | Killed a greater mummy
109514 | Tomb:1   | Noticed a greater mummy
109537 | Tomb:1   | Killed a greater mummy
109659 | Tomb:1   | Killed a greater mummy
109873 | Tomb:1   | Noticed a greater mummy
109889 | Tomb:1   | Killed a greater mummy
109970 | Tomb:1   | Noticed a greater mummy
109998 | Tomb:1   | Killed a greater mummy
109998 | Tomb:1   | Reached skill level 10 in Spellcasting
110122 | Tomb:1   | Noticed a greater mummy
110140 | Tomb:1   | Killed a greater mummy
110355 | Tomb:1   | Noticed a greater mummy
110453 | Tomb:1   | Noticed a greater mummy
110477 | Tomb:1   | Killed a greater mummy
110597 | Tomb:1   | Noticed a greater mummy
110597 | Tomb:1   | Noticed a greater mummy
110628 | Tomb:1   | Killed a greater mummy
110755 | Tomb:1   | Noticed a greater mummy
110773 | Tomb:1   | Killed a greater mummy
110817 | Tomb:1   | Noticed a greater mummy
110823 | Tomb:1   | Killed a greater mummy
111042 | Tomb:1   | Noticed a greater mummy
111062 | Tomb:1   | Killed a greater mummy
111062 | Tomb:1   | Reached skill level 23 in Slings
111436 | Tomb:1   | Killed a greater mummy
111561 | Tomb:1   | Noticed a greater mummy
111592 | Tomb:1   | Killed a greater mummy
111732 | Tomb:1   | Killed a greater mummy
112838 | Tomb:2   | Gained mutation: You are clumsy. (Dex -2) [mutagenic glow]
113239 | Tomb:2   | Corrupted Tomb:2
113258 | Tomb:2   | Banished a greater mummy
113409 | Tomb:2   | Noticed a greater mummy
113423 | Tomb:2   | Noticed a greater mummy
113442 | Tomb:2   | Killed a greater mummy
113635 | Tomb:2   | Noticed a greater mummy
113650 | Tomb:1   | Killed a greater mummy
114958 | Tomb:2   | Killed a greater mummy
115108 | Tomb:2   | Identified the +2 pair of gloves of the Kraken {-Cast rC+++
                  | Dex+6} (You found it on level 2 of the Tomb of the
                  | Ancients)
116303 | Zot:1    | Entered Level 1 of the Realm of Zot
116761 | Snake:3  | Bought a +1 cloak of poison resistance for 175 gold pieces
117419 | Zot:1    | Noticed Caimoamu's ghost (master TeEn)
117425 | Zot:1    | Found a runed translucent gate.
117425 | Zot:1    | Found a runed translucent gate.
117425 | Zot:1    | Found a runed translucent gate.
117454 | Zot:1    | Reached skill level 15 in Necromancy
117491 | Zot:1    | Reached skill level 15 in Evocations
118518 | Zot:1    | Noticed an orb of fire
119302 | Zot:1    | Killed Caimoamu's ghost
119353 | Zot:1    | Identified the cursed +0 cloak of the True Pharaoh {*Contam
                  | rPois Int+4 Dex+5} (You found it on level 1 of the Realm of
                  | Zot)
120823 | Zot:3    | HP: 8/193 [cloud of freezing vapour (21)]
120837 | Abyss:1  | Reached skill level 24 in Slings
121010 | Abyss:2  | Found a bloodstained altar of Trog.
121036 | Abyss:2  | Found a shadowy altar of Dithmenos.
121044 | Zot:3    | Escaped the Abyss
121297 | Abyss:1  | Found a corrupted altar of Lugonu.
121878 | Abyss:1  | Reached skill level 10 in Summonings
122365 | Zot:3    | Escaped the Abyss
122390 | Zot:3    | HP: 13/288 [acid (5)]
122393 | Zot:3    | Corrupted Zot:3
122393 | Zot:3    | HP: 5/192 [poisoned by a green draconian (blast of poison)]
122394 | Zot:3    | Slain by a yellow draconian monk

Illustrated notes

Levels and vault maps discovered:
D:1:      kennysheep_arrival_forest, layout_basic, minmay_heptomino_o4
D:2:      layout_rooms, lemuel_crystal_altar, lemuel_round_altar, uniq_robin,
          uniq_natasha, uniq_crazy_yiuf_cottage
D:3:      layout_rooms, fiery_altar_vehumet, elyvilon_altar_4
D:4:      layout_rooms, minmay_goblin_outpost
D:5:      layout_loops_ring, kennysheep_mini_moat,
          nicolae_ossuary_entry_false_entrances, gammafunk_ghost_icy
D:6:      layout_basic, serial_shops, shop_statue, uniq_duvessa
D:7:      layout_cave_pools, kennysheep_mini, minmay_overflow_temple_star_quad,
          temple_fountains, ebering_ghost_gozag, hex_tiny
D:8:      cheibrodos_frozen_isle, layout_basic, grunt_gozag_statues,
          due_lair_maze_entry_diamond, basic_altar, uniq_maggie
D:9:      gammafunk_the_bubble [the_bubble_gammafunk_roulette], layout_basic,
          orc_0_dummy, minmay_bent
D:10:     layout_small_grid, ebering_ghost_disaster_area, uniq_harold
D:11:     layout_cave_pools, enter_trove_1, laboratory, uniq_erica,
          uniq_nergalle
D:12:     layout_loops_ring, serial_shops, shop,
          portal_ice_cave_entry_ice_beasts, uniq_kirke
D:13:     layout_rooms, david_vaults_1
D:14:     layout_long_grid, minmay_misc_feat_diagonals
D:15:     gammafunk_depths_entry_grave, layout_loops_ring,
          nicolae_ru_the_path_less_chosen, special_room [special_room_orc]
Temple:   nicolae_temple_no_exploring_needed
Lair:1:   layout_misc_corridors
Lair:2:   layout_layer_cave, special_room [special_room_bee], basic_altar
Lair:3:   layout_long_grid, minmay_snake_entry_guardpost_medium,
          grunt_megastairs_1
Lair:4:   layout_long_grid, minmay_swamp_entry_eels,
          nicolae_quartered_pool_super, minmay_lair_oklob_chamber
Lair:5:   layout_gridlike, slime_altar_1, gauntlet_entry_generic,
          small_statue_intersection
Lair:6:   guppyfry_lair_end_dragon, layout_layer_cave, hangedman_lair_in_review,
          serial_bayou, serial_bayou_pond_b, serial_bayou_crossing,
          serial_bayou_lagoon_b, serial_bayou_lagoon_a
Swamp:1:  layout_basic_swamp, evilmike_swamp_ruin_house_2, grunt_ruined_hall,
          infiniplex_staircase_pool_2, uniq_donald, uniq_roxanne
Swamp:2:  layout_falls_marsh, ebering_ghost_inner_flame,
          nicolae_swamp_round_clearing
Swamp:3:  layout_falls_marsh, hangedman_swamp_cone
Swamp:4:  swamp_icy, layout_basic_swamp, infiniplex_staircase_pool
Snake:1:  layout_rooms, grunt_ministairs_6, st_stairs_7
Snake:2:  layout_cave_pods
Snake:3:  layout_rooms, serial_shops, nicolae_shop_statue_plus, basic_altar
Snake:4:  snake_pit_salamanders_mu, layout_misc_corridors
Orc:1:    layout_caves, gammafunk_ghost_necromancy, uniq_jorgrun, uniq_urug
Orc:2:    st_orc_elflike, layout_caves, serial_shops, shop_coins, basic_altar,
          abandoned_shop, trog_book
Elf:1:    elf_arrival_001, layout_geoelf_grid, hangedman_corner_corridor,
          hex_large
Elf:2:    layout_loops_cross
Elf:3:    minmay_elf_hall_furrowed, layout_gridlike
Vaults:1: v_misc_31, ontoclasm_vaults_twist, v_alt_pattern_4, v_misc_1,
          nicolae_vaults_network_quinsquares
          [nicolae_vaults_network_quincunx_subvault,
          nicolae_vaults_network_quincunx_subvault,
          nicolae_vaults_network_quincunx_subvault,
          nicolae_vaults_network_quincunx_subvault],
          nicolae_vaults_sealed_display, vaults_room_grid,
          vaults_room_semicircle, vaults_standard_mumra_enter_the_diamond,
          nicolae_vaults_bisected_slash, layout_vaults_chaotic_city,
          serial_hangedman_research, hangedman_research_electronics,
          hangedman_research_convocations, hangedman_research_metamorphosis,
          hangedman_research_toxicology, hangedman_research_quantum
Vaults:2: v_misc_11, ontoclasm_vaults_ring_large, v_misc_27,
          nicolae_vaults_theta, v_misc_33, nicolae_vaults_twisting_passages,
          hangedman_vaults_maws, v_misc_11, vaults_dpeg_ring,
          layout_vaults_ring, uniq_nikola
Vaults:3: minmay_crypt_entry_necro_gods, v_rooms_3, hangedman_vaults_pinch,
          hangedman_vaults_capsules, vaults_standard_mumra_lines,
          ontoclasm_vaults_idyll, grunt_vaults_swirl, v_pattern_1,
          ontoclasm_vaults_ring_small, vaults_dpeg_diagonal,
          layout_vaults_omnicross, uniq_bai_suzhen
Vaults:4: vaults_mumra_minichess_inversion, v_misc_12, v_alt_pattern_3,
          hangedman_vaults_trim, vaults_dpeg_hooks, hangedman_vaults_restitches,
          vaults_mumra_hex, ontoclasm_vaults_ligature, v_rooms_2,
          vaults_room_pool, nicolae_vaults_shelves_hall, v_misc_22,
          layout_vaults_maze
Vaults:5
Crypt:1:  layout_misc_corridors, grunt_crypt_arrival_split, uniq_jory,
          uniq_saint_roka
Crypt:2:  layout_regular_city, uniq_margery, uniq_khufu
Crypt:3:  grunt_crypt_end_deaths_head
Tomb:1
Tomb:2
Depths:1: layout_roguey [special_room_jelly], enter_ziggurat_c,
          muffindrake_ghost_three_little_ghosts, marbit_kobold_abyss_entry,
          hell_entry, hangedman_decor_growths, corner_web_ring, drop_trap,
          minmay_multi_spiral
Depths:2: gammafunk_jiyva_shrine, layout_cave_shapes, grunt_hell_horde,
          minmay_misc_feat_roman, minmay_shoptagon, serial_bayou_shore_b
Depths:3: minmay_blocking_statues, layout_twisted_cross, rand_demon_pan_entry_9,
          hell_entry, hangedman_decor_diamond_cutter, chequers_big_river,
          infiniplex_staircase_pillars_1
Depths:4: minmay_concentric_multi, layout_basic, pf_hell_entry_tar_river,
          minmay_room_of_horrors, nicolae_twisting_strands, uniq_sojobo
Depths:5: grunt_zot_entry_bicorn, layout_cross, abyss_entry,
          minmay_misc_feat_pillars, hellmouth_1
Zot:1:    lemuel_draconian_sentries_small, layout_misc_corridors,
          gammafunk_ghost_split
Zot:2:    layout_basic
Zot:3:    layout_misc_corridors

Skill      XL: |  1  2  3  4  5  6  7  8  9 10 11 12 13 14 15 16 17 18 19 20 21 22 23 24 25 26 27 |
---------------+----------------------------------------------------------------------------------+-----
Short Blades   | 3 4 5 7 8 9 10 11 | 11.1
Armour         | 3 4 5 7 8 9 10 | 10.5
Dodging        | 2 3 4 5 6 7 8 9 10 11 12 13 14 15 16 19 | 19.9
Fighting       | 3 4 5 6 7 8 9 10 11 12 13 14 17 | 17.4
Slings         | 1 3 4 6 7 9 10 11 12 13 14 15 16 17 18 19 20 24 | 24.1
Shields        | 1 3 4 5 |  5.6
Invocations    | 3 4 5 6 7 8 9 10 11 12 13 14 15 16 19 | 19.7
Long Blades    | 1 3 4 5 6 7 8 9 10 11 12 13 14 17 | 17.7
Stealth        | 2 5 6 8 |  8.0
Evocations     | 2 4 5 6 7 8 9 10 11 15 | 15.6
Necromancy     | 1 3 4 5 6 7 8 9 10 11 12 15 | 15.4
Hexes          | 3 4 5 |  5.0
Throwing       | 2 |  2.5
Air Magic      | 2 |  2.4
Earth Magic    | 2 3 6 11 13 | 13.5
Spellcasting   | 1 3 5 6 11 | 11.2
Translocations | 3 6 7 8 |  8.9
Summonings     | 1 10 | 10.0

Action                   |  1- 3 |  4- 6 |  7- 9 | 10-12 | 13-15 | 16-18 | 19-21 | 22-24 | 25-27 || total
-------------------------+-------+-------+-------+-------+-------+-------+-------+-------+-------++-------
Melee: Short sword       |    97 |   163 |   452 |   825 |  1070 |   754 |   499 |   950 |  1505 ||  6315
       Dagger            |       |       |       |    25 |       |       |       |       |       ||    25
       Scimitar          |       |       |       |       |       |   416 |       |       |    32 ||   448
       Fustibalus        |       |       |       |       |       |     1 |       |       |       ||     1
       Long sword        |       |       |       |       |       |       |       |    21 |    85 ||   106
       Rapier            |       |       |       |       |       |       |       |       |   315 ||   315
 Fire: Hunting sling     |    45 |    65 |   253 |   164 |       |       |       |       |       ||   527
       Fustibalus        |       |       |       |     6 |   679 |   996 |  1374 |  1426 |  3759 ||  8240
Throw: Stone             |     2 |     3 |     2 |       |       |       |       |     1 |       ||     8
       Dart              |       |     5 |    22 |    40 |    11 |     2 |     6 |       |       ||    86
       Boomerang         |       |       |     5 |    26 |   112 |    30 |     1 |     1 |    45 ||   220
 Cast: Corona            |       |       |       |       |       |     5 |       |       |     1 ||     6
       Borgnjor's Vile C |       |       |       |       |       |       |       |     2 |    16 ||    18
       Dispel Undead     |       |       |       |       |       |       |       |     4 |   186 ||   190
       Apportation       |       |       |       |       |       |       |       |       |    28 ||    28
       Portal Projectile |       |       |       |       |       |       |       |       |    94 ||    94
       Death Channel     |       |       |       |       |       |       |       |       |    35 ||    35
       Passage of Golubr |       |       |       |       |       |       |       |       |     8 ||     8
Invok: Depart the Abyss  |     1 |       |       |       |       |       |       |     3 |     2 ||     6
       Bend Space        |       |    11 |    32 |     7 |    55 |    31 |    16 |    15 |    60 ||   227
       Banish            |       |       |       |       |     8 |     1 |     4 |     3 |     1 ||    17
       Corrupt           |       |       |       |       |       |       |       |       |     4 ||     4
       Enter the Abyss   |       |       |       |       |       |       |       |       |     3 ||     3
       Brand Weapon With |       |       |       |       |       |       |       |       |     1 ||     1
Evoke: Wand              |       |       |     3 |    21 |     9 |     9 |       |     4 |    19 ||    65
       Phial of floods   |       |       |       |       |     1 |       |       |       |       ||     1
       Condenser vane    |       |       |       |       |       |       |     1 |     4 |    27 ||    32
       Tin of tremorston |       |       |       |       |       |       |       |     1 |     2 ||     3
       Box of beasts     |       |       |       |       |       |       |       |       |     2 ||     2
  Use: Scroll            |       |     4 |     7 |    20 |    14 |    10 |     8 |     9 |    35 ||   107
       Potion            |       |     1 |     1 |       |     5 |     2 |       |     4 |    23 ||    36
 Stab: Sleeping          |       |       |     4 |     5 |     5 |    10 |     9 |    11 |     7 ||    51
       Distracted        |       |       |       |     2 |     3 |     2 |       |     1 |    14 ||    22
       Confused          |       |       |       |       |     1 |       |       |       |     1 ||     2
       Invisible         |       |       |       |       |       |       |       |     1 |       ||     1
Armor: Leather armour    |    17 |    18 |    27 |    46 |    60 |       |    58 |       |       ||   226
       Steam dragon scal |       |       |       |     6 |       |       |       |       |       ||     6
       Acid dragon scale |       |       |       |       |    23 |   182 |    12 |    35 |       ||   252
       Robe              |       |       |       |       |     2 |     5 |       |       |       ||     7
       Ring mail         |       |       |       |       |       |       |       |    72 |   610 ||   682
Dodge: Dodged            |    51 |    89 |   156 |   372 |   621 |   979 |   546 |   812 |  3228 ||  6854
       Repelled          |       |       |       |       |       |       |    25 |    24 |    36 ||    85
Block: Buckler           |    17 |    22 |    96 |   206 |   306 |   507 |   279 |   422 |  1373 ||  3228
       Rpst.: Scimitar   |       |       |       |       |       |    84 |       |       |     2 ||    86
       Long sword        |       |       |       |       |       |       |       |     1 |     6 ||     7

Table legend: (Time is in decaauts)
 A = Elapsed time spent in this place.
 B = Non-inter-level travel time spent in this place.
 C = Inter-level travel time spent in this place.
 D = Time resting spent in this place.
 E = Time spent auto-exploring this place.
 F = Levels seen in this place.
 G = Mean time per level.
                   A        B        C        D        E       F      G
               +--------+--------+--------+--------+--------+-----+--------+
         Total | 117302 | 104699 |  12603 |  36028 |  39548 |  66 | 1777.3 |
       Dungeon |  23025 |  18928 |   4097 |   5046 |   8277 |  15 | 1535.0 |
        Temple |      4 |      4 |      0 |      0 |      0 |   1 |    4.0 |
          Lair |  13882 |  12225 |   1657 |   3367 |   6125 |   6 | 2313.7 |
         Swamp |   8120 |   7475 |    645 |   2885 |   3019 |   4 | 2030.0 |
     Snake Pit |   8081 |   7549 |    532 |   2732 |   2763 |   4 | 2020.2 |
  Orcish Mines |   4735 |   4275 |    460 |   1487 |   1763 |   2 | 2367.5 |
   Elven Halls |   8870 |   8568 |    302 |   3316 |   2834 |   3 | 2956.7 |
        Vaults |  13233 |  11645 |   1588 |   3507 |   4511 |   5 | 2646.6 |
         Crypt |   6885 |   6227 |    658 |   2153 |   2620 |   3 | 2295.0 |
          Tomb |   9001 |   7969 |   1032 |   4402 |    541 |   2 | 4500.5 |
        Depths |  12784 |  11280 |   1504 |   4011 |   4483 |   5 | 2556.8 |
           Zot |   3354 |   3229 |    125 |    680 |   1645 |   3 | 1118.0 |
         Abyss |   1754 |   1754 |      0 |    508 |    815 |   9 |  194.9 |
         Trove |    141 |    141 |      0 |      0 |      0 |   1 |  141.0 |
       Ossuary |    824 |    824 |      0 |    360 |     30 |   1 |  824.0 |
      Ice Cave |   1497 |   1497 |      0 |    902 |    122 |   1 | 1497.0 |
      Gauntlet |   1104 |   1104 |      0 |    666 |      0 |   1 | 1104.0 |
               +--------+--------+--------+--------+--------+-----+--------+

Top non-repeatable levels by time:
  Tomb:1: 6643 daAuts
Depths:1: 4344 daAuts
   Elf:2: 4092 daAuts
 Crypt:3: 3977 daAuts
Vaults:1: 3782 daAuts
Vaults:4: 3766 daAuts
  Lair:2: 3155 daAuts
 Snake:4: 2845 daAuts
  Lair:3: 2800 daAuts
   Elf:3: 2786 daAuts
  Lair:6: 2609 daAuts
   Orc:2: 2559 daAuts
 Swamp:3: 2558 daAuts
 Swamp:1: 2402 daAuts
Vaults:2: 2400 daAuts
